 Dungeon Crawl Stone Soup version 0.31-a0-1172-g9944ec47dd (webtiles) character file.

Game seed: 17103999614235782902

26 bmb222 the Trooper (level 2, 24/24 HPs)
             Began as a Demonspawn Fighter on Dec 10, 2023.
             Got out of the dungeon alive.
             The game lasted 00:00:29 (646 turns).

bmb222 the Trooper (Demonspawn Fighter)              Turns: 646, Time: 00:00:30

Health: 24/24      AC:  6    Str: 16    XL:     2   Next: 89%
Magic:  2/2        EV:  8    Int:  8    God:
Gold:   54         SH:  4    Dex: 12    Spells: 1/1 levels left

rFire   . . .        a - +0 flail
rCold   . . .        c - +0 buckler
rNeg    . . .        b - +0 scale mail
rPois   .            (no helmet)
rElec   .            (no cloak)
rCorr   .            (no gloves)
SInv    .            (no boots)
Will    .....        (no amulet) Stlth
                     (no ring)
HPRegen 0.24/turn    (no ring)
MPRegen 0.08/turn

%: no passive effects
@: no status effects
A: claws 1
a: no special abilities


You escaped.
You visited 1 branch of the dungeon, and saw 1 of its levels.

You collected 54 gold pieces.

Inventory:

Hand Weapons
 a - a +0 flail (weapon)
Armour
 b - a +0 scale mail (worn)
 c - a +0 buckler (worn)
Potions
 d - 2 potions of might
 e - 2 potions of curing {unknown}
 f - a potion of heal wounds {unknown}
 g - a potion of berserk rage {unknown}


   Skills:
 + Level 3.3 Fighting
 + Level 2.1 Maces & Flails
 + Level 2.9 Armour
 + Level 3.1 Shields


You had one spell level left.
You didn't know any spells.
Your spell library was empty.

Dungeon Overview and Level Annotations

Branches:
Dungeon (1/15)

Altars:


Innate Abilities, Weirdness & Mutations

You have sharp fingernails.


Message History

The ball python hisses angrily.
A frilled lizard comes into view.
There are monsters nearby!
The frilled lizard hisses angrily.
You hit the ball python.
You kill the ball python!
A frilled lizard is nearby!
A frilled lizard is nearby!
You see here a ball python corpse.
A frilled lizard is nearby!
Found 12 gold pieces.
You block the frilled lizard's attack.
A frilled lizard is nearby!
You barely miss the frilled lizard. The frilled lizard bites you.
You block the frilled lizard's attack.
A frilled lizard is nearby!
You thump the frilled lizard!
You kill the frilled lizard!
HP restored.
You now have 54 gold pieces (gained 12).
Key pressed, stopping explore.
No target in view!
There is an open door here.
You open the door.
There is an open door here.
There is an open door here.
There is an open door here.
There is an open door here.
There is an open door here.
Key pressed, stopping explore.
No target in view!
You see here a +0 scale mail.
Key pressed, stopping explore.
No target in view!
Done exploring.
No target in view!
Done exploring.
No target in view!
There is an open door here.
There is a staircase leading out of the dungeon here.
You have escaped!

#.......#.........#..#.###.#
######.......................#...
...).................>...........
######...........................
#...#######.########........
####.### #.# ###.#........
##..####'####..##........
###..'...'..####........
####.@.#### #........
###..'...'..####....#...
##..####'####..###.###### ##.###
#.# ###.#..# #.## #.# ##..## ###
### ####


There were no monsters in sight!

Vanquished Creatures
  A gnoll (D:1)
  2 dart slugs (D:1)
  2 ball pythons (D:1)
  2 endoplasms (D:1)
  2 hobgoblins (D:1)
  A kobold (D:1)
  2 frilled lizards (D:1)
  A rat (D:1)
13 creatures vanquished.

Notes
Turn   | Place    | Note
-------+----------+-------------------------------------------
     0 | D:1      | bmb222 the Demonspawn Fighter began the quest for the Orb.
     0 | D:1      | Reached XP level 1. HP: 18/18 MP: 1/1
    91 | D:1      | Gained mutation: You have sharp fingernails. [demonic
                  | ancestry]
    91 | D:1      | Reached XP level 2. HP: 16/24 MP: 2/2
   129 | D:1      | Found a faded altar of an unknown god.
   646 | D:$      | Got out of the dungeon alive.

Illustrated notes

Levels and vault maps discovered:
D:1:      dpeg_arrival_radiant, layout_rooms, hellmonk_ecumenical_altar_zigzags

Skill      XL: |  1  2 |
---------------+-------+-----
Shields        | 3 |  3.1
Maces & Flails | 2 |  2.1
Fighting       | |  3.3
Armour         | |  2.9

Action                     || total
---------------------------++-------
  Melee: Flail             ||    33
 Armour: Scale mail        ||    18
  Dodge: Dodged            ||     8
  Block: Buckler           ||     7

Table legend: (Time is in decaauts)
 A = Elapsed time spent in this place.
 B = Non-inter-level travel time spent in this place.
 C = Inter-level travel time spent in this place.
 D = Time resting spent in this place.
 E = Time spent auto-exploring this place.
 F = Levels seen in this place.
 G = Mean time per level.
                   A        B        C        D        E       F      G
               +--------+--------+--------+--------+--------+-----+--------+
         Total |    657 |    623 |     34 |    100 |    416 |   1 |  657.0 |
       Dungeon |    657 |    623 |     34 |    100 |    416 |   1 |  657.0 |
               +--------+--------+--------+--------+--------+-----+--------+

Top non-repeatable levels by time:
     D:1: 657 daAuts
